 Dungeon Crawl Stone Soup version 0.28.0-53-g5a82cb258f (webtiles) character file.

Game seed: 9127694455858709280

265 Zeld the Changer (level 5, -4/42 HPs)
             Began as a Draconian Transmuter on May 21, 2022.
             Shot with an arrow by a centaur (15 damage)
             ... on level 5 of the Dungeon.
             The game lasted 00:05:35 (5098 turns).

Zeld the Changer (Draconian Transmuter)             Turns: 5098, Time: 00:05:36

Health: -4/42      AC:  2    Str: 14    XL:     5   Next: 99%
Magic:  8/10       EV: 19    Int: 13    God:
Gold:   209        SH:  0    Dex: 17    Spells: 1/11 levels left

rFire   . . .      SeeInvis .     - Unarmed
rCold   . . .      Faith    .   (shield currently unavailable)
rNeg    . . .      Spirit   .   (armour unavailable)
rPois   .          Reflect  .   (helmet currently unavailable)
rElec   .          Harm     .   (cloak currently unavailable)
rCorr   .          Rampage  .   (gloves currently unavailable)
Will    .....                   (boots currently unavailable)
Stlth   ++........              (no amulet)
HPRegen 0.14/turn               b - ring of poison resistance
MPRegen 0.12/turn               (no ring)

@: spider-form
A: venomous fangs, AC +5, tiny, unfitting armour, (cold-blooded)
a: End Transformation


You were on level 5 of the Dungeon.
You were a venomous arachnid creature.
You visited 1 branch of the dungeon, and saw 5 of its levels.

You collected 209 gold pieces.

Inventory:

Hand Weapons
 k - the +5 dagger of the Nexus (melded) {vorpal, rElec rPois Int+4}
   (You found it on level 4 of the Dungeon)

   It inflicts extra damage upon your enemies.
   Int:       It affects your intelligence (+4).
   rElec:     It insulates you from electricity.
   rPois:     It protects you from poison.
Armour
 g - a +1 pair of boots of flying (melded)
Jewellery
 b - a ring of poison resistance (left front leg)
Scrolls
 c - 6 scrolls of identify {unknown}
 d - 2 scrolls of teleportation {unknown}
 e - a scroll of fog {unknown}
 f - a scroll of magic mapping {unknown}
 h - a scroll of blinking {unknown}
Potions
 a - 2 potions of haste {unknown}
 i - a potion of flight {unknown}
 j - a potion of resistance {unknown}


   Skills:
 + Level 2.5 Fighting
 - Level 1.7 Dodging
 - Level 3.0 Unarmed Combat
 * Level 3.5 Spellcasting
 * Level 3.8 Transmutations
 + Level 1.8 Ice Magic
 + Level 1.7 Poison Magic


You had one spell level left.
You knew the following spells:

 Your Spells              Type           Power      Damage    Failure   Level
a - Beastly Appendage     Tmut           24%        N/A       14%         1
b - Wereblood             Tmut           12%        N/A       19%         2
c - Spider Form           Tmut/Pois      9%         N/A       41%         3
d - Ice Form              Ice/Tmut       9%         N/A       77%         4

Your spell library contained the following spells:

 Spells                   Type           Power      Damage    Failure   Level
 Sandblast                Erth           4%         2d4       43%         1
 Passwall                 Tmut/Erth      5%         N/A       34%         2
 Stone Arrow              Conj/Erth      4%         3d7       75%         3


Dungeon Overview and Level Annotations

Branches:
Dungeon (5/15)
 Temple: D:4-7

Altars:


Innate Abilities, Weirdness & Mutations

You are a venomous arachnid creature.
You have poisonous fangs.
You are tiny and dextrous.
Your spellcasting is less reliable in this form.
Your armour is entirely melded.
You are incapable of wielding weapons or throwing items.
((Your plain brown scales are hard. (AC +5)))
You cannot fit into any form of body armour.
((You are cold-blooded and may be slowed by cold attacks.))


Message History

Magic restored.
You start waiting.
Your primal bloodlust is almost over.
You start waiting.
Your primal bloodlust has ended.
You start waiting.
Done waiting.
Casting: Wereblood (safe; 5% risk of failure)
Confirm with . or Enter, or press ? or * to list all spells.
You turn into a venomous arachnid creature.
The +5 dagger of the Nexus {vorpal, rElec rPois Int+4} melds into your body.
Your +1 pair of boots of flying melds into your body.
You float gracefully downwards.
You climb downwards.
The hound zombie bites you but does no damage.
The hound zombie barely misses you.
There is a stone staircase leading up here.
You hit the hound zombie.
The hound zombie is lightly damaged.
A centaur comes into view.
The hound zombie misses you.
Unknown command.
You hit the hound zombie.
The hound zombie is moderately damaged.
The adder closely misses you.
The centaur wields a +0 shortbow.
The centaur shoots an arrow.
The arrow misses you. The hound zombie bites you.
The adder completely misses you.
You hit the hound zombie.
The hound zombie is heavily damaged.
The hound zombie closely misses you. The adder completely misses you.
The centaur shoots an arrow.
The arrow hits you!
You bite the hound zombie!
The hound zombie is almost destroyed.
The hound zombie closely misses you.
The centaur shoots an arrow.
The arrow hits you! The adder bites you.
The centaur shoots an arrow.
The arrow hits you.
* * * LOW HITPOINT WARNING * * *
The hound zombie closely misses you. The adder bites you but does no damage.
The centaur shoots an arrow.
The arrow hits you!
You die...

. .# # #. .. .#
#. .# #..# ##c#
.# .#.. ##...#.
... ..#.....###.#
...Z........#.###
..#<....#.S......
##...##s###.###
##....Z# #######


You could see a centaur, an adder and a hound zombie.

Vanquished Creatures
  A scorpion (D:5)
  An orc priest (D:4)
  An iguana (D:3)
  A hound skeleton (D:4)
  3 gnolls
  An adder (D:3)
  A white imp (D:5)
  An adder skeleton (D:4)
  A worm (D:4)
  3 dart slugs
  5 orcs
  4 bats
  3 endoplasms
  3 giant cockroaches
  5 goblins
  10 hobgoblins
  4 jackals (D:1)
  4 kobolds
  4 quokkas
  13 ball pythons
  4 frilled lizards
  4 rats
77 creatures vanquished.

Notes
Turn   | Place    | Note
-------+----------+-------------------------------------------
     0 | D:1      | Zeld the Draconian Transmuter began the quest for the Orb.
     0 | D:1      | Reached XP level 1. HP: 16/16 MP: 3/3
   169 | D:1      | Reached XP level 2. HP: 7/23 MP: 3/5
   187 | D:1      | Learned a level 2 spell: Wereblood
   868 | D:1      | Found a faded altar of an unknown god.
   875 | D:1      | Reached XP level 3. HP: 26/28 MP: 4/6
   899 | D:1      | Learned a level 3 spell: Spider Form
  1633 | D:2      | Reached skill level 1 in Ice Magic
  2063 | D:3      | HP: 1/28 [gnoll/+0 spear (5)]
  2068 | D:2      | HP: 1/28 [bat (1)]
  2577 | D:2      | Reached XP level 4. HP: 32/35 MP: 0/8
  2687 | D:3      | Reached skill level 1 in Poison Magic
  3255 | D:3      | Noticed an ice beast
  3800 | D:3      | Reached XP level 5. HP: 33/41 MP: 3/9
  3805 | D:3      | Learned a level 4 spell: Ice Form
  4721 | D:4      | Identified the +5 dagger of the Nexus {vorpal, rElec rPois
                  | Int+4}
  4763 | D:5      | Entered Level 5 of the Dungeon
  5094 | D:5      | Noticed a centaur
  5098 | D:5      | Shot with an arrow by a centaur

Illustrated notes

Levels and vault maps discovered:
D:1:      amcnicky_arrival_double_pillar, layout_basic,
          nicolae_ecumenical_snake_handling, lemuel_flame_loot_1
D:2:      layout_basic
D:3:      layout_basic
D:4:      layout_loops_ring
D:5:      layout_loops_ring, chequers_garden

Skill      XL: |  1  2  3  4 |
---------------+-------------+-----
Ice Magic      | 1 |  1.8
Transmutations | 3 |  3.8
Poison Magic   | 1 |  1.7
Spellcasting   | 3 |  3.5
Fighting       | 2 |  2.5
Dodging        | |  1.7
Unarmed Combat | |  3.0

Action                   |  1- 3 |  4- 6 || total
-------------------------+-------+-------++-------
Melee: Unarmed           |   125 |    85 ||   210
       Headbutt          |    10 |     6 ||    16
       Kick              |    24 |    11 ||    35
       Tailslap          |     6 |     8 ||    14
       Punch             |     3 |     2 ||     5
       Dagger            |       |     3 ||     3
 Cast: Beastly Appendage |    35 |    18 ||    53
       Spider Form       |     2 |     8 ||    10
       Wereblood         |     1 |     1 ||     2
Armor: Skin              |    34 |    21 ||    55
Dodge: Dodged            |    98 |    70 ||   168
